 Dungeon Crawl Stone Soup version 0.20.1-1-g8b1a95d (webtiles) character file.

177 Melbolja the Shield-Bearer (level 5, -20/42 HPs)
             Began as a Human Fighter on Oct 1, 2017.
             Was an Initiate of Trog.
             Demolished by an ogre
             ... wielding a +0 giant club
              (31 damage)
             ... on level 4 of the Dungeon.
             The game lasted 00:16:42 (3215 turns).

Melbolja the Shield-Bearer (Human Fighter)          Turns: 3215, Time: 00:16:43

Health: -20/42     AC:  8    Str: 17    XL:     5   Next: 88%
Magic:  5/5        EV:  7    Int:  8    God:    Trog [......]
Gold:   157        SH: 10    Dex: 13    Spells: 4/4 levels left

rFire    . . .     SeeInvis .   k - +0 short sword (venom)
rCold    . . .     Gourm    .   c - +1 shield
rNeg     . . .     Faith    .   b - +0 scale mail
rPois    .         Spirit   .   u - +0 helmet (curse)
rElec    .         Reflect  .   (no cloak)
rCorr    .         Harm     .   (no gloves)
MR       .....                  (no boots)
Stlth    ..........             (no amulet)
Regen    0.2/turn               (no ring)
MPRegen  0.1/turn               (no ring)

@: no status effects
A: no striking features
a: Burn Spellbooks, Renounce Religion


You were on level 4 of the Dungeon.
You worshipped Trog.
Trog was noncommittal.
You were not hungry.

You visited 1 branch of the dungeon, and saw 4 of its levels.

You collected 157 gold pieces.

Inventory:

Hand Weapons
 a - a +0 long sword
 k - a +0 short sword of venom (weapon)
Armour
 b - a +0 scale mail (worn)
 c - a +1 shield (worn)
 u - a cursed +0 helmet (worn)
Scrolls
 m - 2 scrolls of teleportation {unknown}
 n - a scroll of recharging
 q - a scroll of random uselessness {unknown}
 r - a scroll of amnesia {unknown}
Potions
 d - 2 potions of might
 e - a potion of brilliance {unknown}
 g - a potion of flight
 h - 2 potions of heal wounds {unknown}
 i - a potion of lignification {unknown}
 j - 3 potions of curing {unknown}
 l - a potion of degeneration {unknown}
 s - a potion of haste {unknown}
 t - a potion of ambrosia {unknown}
Books
 p - a book of Changes

   Spells                             Type                      Level
   a - Beastly Appendage              Transmutation                1
   b - Sticks to Snakes               Transmutation                2
   c - Spider Form                    Transmutation/Poison         3
   d - Ice Form                       Ice/Transmutation            4
   e - Blade Hands                    Transmutation                5
   Trog disapproves of the use of such an item.
Comestibles
 f - 2 bread rations
 o - 2 royal jellies
 v - a chunk of flesh


   Skills:
 + Level 3.7 Fighting
 * Level 2.5(3.1) Short Blades
 - Level 2.6(3.1) Long Blades
 + Level 3.6 Armour
 + Level 0.4 Dodging
 - Level 0.2 Stealth
 + Level 3.8 Shields


You had 4 spell levels left.
You didn't know any spells.

Dungeon Overview and Level Annotations

Branches:
Dungeon (4/15)
 Temple: D:4-7

Altars:
Cheibriados
Elyvilon
Makhleb
Okawaru
Trog
Xom


Message History

You hit the ogre.
The ogre looks as sick as possible!
The ogre is heavily wounded.
You block the hound's attack. You block the ogre's attack. The hound bites you.
* * * LOW HITPOINT WARNING * * *
You hit the ogre.
The ogre looks as sick as possible!
The ogre is severely wounded.
You block the hound's attack. The ogre barely misses you.
You barely miss the ogre.
The ogre is severely wounded.
The hound bites you.
* * * LOW HITPOINT WARNING * * *
You block the hound's attack.
Your shield prevents you from hitting the ogre.
The ogre is severely wounded.
You block the ogre's attack. The hound closely misses you.
Your shield and scale mail prevent you from hitting the ogre.
The ogre is severely wounded.
You block the hound's attack. The ogre hits you with a giant club!!
Ouch! That really hurt!
You die...

#.......#####
#8_..._.# # #.8..8.8#
# ##### ##############
# #....##.....# #
............#### #
.......<...##..##
######
......O..........
#.....
#.....h@(........
#.....
#?.######..##...
#..... ######..#
##...#
#.......#############
#.......##.....# ...#
######.รท##.....#....#
##..##..##.....#....#
........##.....##...#
........##.....##...#


You could see an ogre and a hound.

Vanquished Creatures
  3 gnolls (D:4)
  5 adders
  An ooze (D:1)
  3 worms (D:2)
  2 dart slugs
  2 leopard geckos
  An orc (D:4)
  A ball python (D:2)
  6 bats
  2 giant cockroaches (D:2)
  6 hobgoblins
  8 jackals
  9 kobolds
  3 quokkas
  5 frilled lizards
  18 goblins
  5 rats
80 creatures vanquished.

Notes
Turn   | Place    | Note
-------+----------+-------------------------------------------
     0 | D:1      | Melbolja the Human Fighter began the quest for the Orb.
     0 | D:1      | Reached XP level 1. HP: 18/18 MP: 1/1
   116 | D:1      | Reached XP level 2. HP: 24/24 MP: 2/2
   220 | D:1      | Reached XP level 3. HP: 21/29 MP: 3/3
  1250 | D:2      | Reached XP level 4. HP: 23/35 MP: 4/4
  1725 | D:2      | Reached skill level 1 in Short Blades
  1895 | D:2      | Reached XP level 5. HP: 24/41 MP: 5/5
  2446 | D:3      | Found a bloodstained altar of Trog.
  2467 | D:3      | Became a worshipper of Trog the Wrathful
  2754 | D:4      | Found a white marble altar of Elyvilon.
  2756 | D:4      | Found a shimmering altar of Xom.
  2756 | D:4      | Found a shimmering altar of Xom.
  2758 | D:4      | Found a burning altar of Makhleb.
  2758 | D:4      | Found an iron altar of Okawaru.
  2758 | D:4      | Found a snail-covered altar of Cheibriados.
  2796 | D:4      | HP: 2/42 [gnoll/flail (4)]
  3201 | D:4      | Noticed an ogre
  3215 | D:4      | Demolished by an ogre

Skill      XL: |  1  2  3  4  5 |
---------------+----------------+-----
Short Blades   | 1 2 |  2.5
Fighting       | |  3.7
Long Blades    | |  2.6
Armour         | |  3.6
Dodging        | |  0.4
Stealth        | |  0.2
Shields        | |  3.8

Action                   |  1- 3 |  4- 6 || total
-------------------------+-------+-------++-------
Melee: Long sword        |    63 |       ||    63
       Short sword       |    27 |   179 ||   206
  Use: Scroll            |     4 |     2 ||     6
       Potion            |       |     1 ||     1
  Eat: Chunk             |       |     4 ||     4
       Bread ration      |       |     1 ||     1
Armor: Scale mail        |    43 |    65 ||   108
Dodge: Dodged            |    25 |    46 ||    71
Block: Shield            |    47 |   112 ||   159
       Rpst.: Long sword |     3 |       ||     3
